 Dungeon Crawl Stone Soup version 0.31-a0-430-gf8416d752b (console) character file.

Game seed: 4291119750300164231

34769 Lexodia the Jinx (level 13, 0/73 HPs)
             Began as a Felid Shapeshifter on July 31, 2023.
             Was the Champion of Wu Jian.
             Slain by a polar bear (3 damage)
             ... on level 5 of the Lair of Beasts.
             The game lasted 01:39:56 (21608 turns).

Lexodia the Jinx (Felid Shapeshifter)              Turns: 21608, Time: 01:39:56

Health: 0/73       AC: 13    Str: 19    XL:     13   Next: 44%
Magic:  20/20      EV: 15    Int: 11    God:    Wu Jian [******]
Gold:   1189       SH:  5    Dex: 20    Spells: 6/20 levels left
                                        Lives:  0   Deaths: 4

rFire   . .          .
                       - Unarmed
rCold   . . .        (shield unavailable)
rNeg    . . .        (body armour unavailable)
rPois   +            (helmet unavailable)
rElec   .            (cloak unavailable)
rCorr   .            (gloves unavailable)
SInv    +            (boots unavailable)
Will    +++..        n - amulet "Huiw Qia" {Reflect Rampage +Inv Will++ Str+3 SH+5 Stlth-}
Stlth   ++++         F - ring of poison resistance
HPRegen 0.32/turn    w - +4 ring of protection
MPRegen 0.17/turn

%: reflection, rampage
@: exhausted, snake-form
A: constrict, boosted hp, large, (claws 1), (fangs 3), see invisible, (speed 1),
(shaggy fur 3), (stealthy paws), no weapons or thrown items, no armour,
multi-lived
a: Begin Untransformation, Renounce Religion, Evoke Invisibility, Wall Jump,
Serpent's Lash, Heavenly Storm


You were on level 5 of the Lair of Beasts.
You worshipped Wu Jian.
Wu Jian was exalted by your worship.
You were an enormous anaconda.
You visited 4 branches of the dungeon, and saw 20 of its levels.

You collected 1656 gold pieces.
You spent 467 gold pieces at shops.

Inventory:

Jewellery
 n - the amulet "Huiw Qia" (around neck) {Reflect Rampage +Inv Will++ Str+3 SH+5 Stlth-}
   (You acquired it on level 5 of the Lair of Beasts)

   [amulet of reflection]

   It reflects blocked missile attacks.
   Str:       It affects your strength (+3).
   +Inv:      It lets you turn invisible.
   SH:        It affects your SH (+5).
   Rampage:   It bestows one free step when moving towards enemies.
   Will:      It greatly increases your willpower.
   Stlth:     It makes you less stealthy.
 o - a ring of ice
 w - a +4 ring of protection (right hand)
 A - a ring of positive energy
 F - a ring of poison resistance (left hand)
 G - a ring of positive energy
 K - a ring of resist corrosion
 R - the amulet "Maxahiet" {Faith Dex+3}
   (You found it on level 4 of the Lair of Beasts)

   [amulet of faith]

   It allows you to gain divine favour quickly.
   Dex:       It affects your dexterity (+3).
Talismans
 b - a beast talisman
 m - a serpent talisman (active)
Wands
 j - a wand of flame (13)
 I - a wand of iceblast (2)
 O - a wand of digging (7)
 Q - a wand of charming (2)
Scrolls
 c - 2 scrolls of revelation
 e - 2 scrolls of fog
 g - 8 scrolls of poison
 i - a scroll of silence {unknown}
 k - 2 scrolls of blinking
 p - 2 scrolls of amnesia {unknown}
 r - 6 scrolls of teleportation
 x - a scroll of butterflies
 H - 2 scrolls of immolation {unknown}
 P - a scroll of fear
Potions
 a - a potion of lignification
 l - 11 potions of curing
 q - 3 potions of might
 s - 2 potions of ambrosia
 t - a potion of heal wounds
 z - a potion of brilliance
 B - a potion of haste
 C - 2 potions of magic
 D - a potion of attraction
Miscellaneous
 E - a phantom mirror
 N - a box of beasts


   Skills:
 - Level 10.0 Fighting
 + Level 9.0 Dodging
 - Level 12.0 Stealth
 + Level 12.3 Unarmed Combat
 - Level 4.0 Spellcasting
 - Level 2.0 Conjurations
 - Level 13.0 Hexes
 - Level 4.0 Summonings
 - Level 2.0 Fire Magic
 - Level 6.0 Ice Magic
 + Level 8.7 Evocations
 - Level 10.4 Shapeshifting


You had 6 spell levels left.
You knew the following spells:

 Your Spells              Type           Power      Damage    Failure   Level
a - Ensorcelled Hibernat  Hex/Ice        46%        N/A       1%          2
b - Confusing Touch       Hex            30%        N/A       1%          3
c - Summon Guardian Gole  Hex/Summ       20%        N/A       2%          3
d - Dazzling Flash        Conj/Hex       36%        N/A       3%          3
e - Inner Flame           Hex/Fire       18%        N/A       3%          3

Your spell library contained the following spells:

 Spells                   Type           Power      Damage    Failure   Level
 Summon Small Mammal      Summ           44%        N/A       4%          1
 Call Canine Familiar     Summ           11%        N/A       14%         3
 Kiss of Death            Conj/Necr      16%        2d6       16%         1
 Shock                    Conj/Air       16%        1d4       16%         1
 Anguish                  Hex/Necr       8%         N/A       16%         4
 Sting                    Tmut/Pois      8%         1d3       24%         1
 Poisonous Vapours        Pois/Air       4%         N/A       34%         2
 Silence                  Hex/Air        8%         N/A       41%         5
 Yara's Violent Unravell  Hex/Tmut       8%         3d5       41%         5
 Ignite Poison            Fire/Tmut/Pois 3%         N/A       50%         3
 Gell's Gravitas          Tloc           2%         N/A       56%         3
 Swiftness                Air            2%         N/A       56%         3
 Teleport Other           Tloc           2%         N/A       56%         3
 Vhi's Electric Charge    Tloc/Air       4%         N/A       56%         3
 Sticky Flame             Conj/Fire      6%         2d3       71%         4
 Airstrike                Air            1%         2d(1-17)  93%         4
 Animate Dead             Necr           2%         N/A       93%         4
 Dispel Undead            Necr           2%         3d7       93%         4
 Olgreb's Toxic Radiance  Pois           2%         N/A       93%         4
 Arcjolt                  Conj/Air       2%         1d12      99%         5
 Agony                    Necr           2%         N/A       100%        5
 Dispersal                Tloc           1%         N/A       100%        6
 Plasma Beam              Fire/Air       2%         2x1d12    100%        6
 Enfeeble                 Hex            15%        N/A       67%         7
 Haunt                    Necr/Summ      3%         N/A       100%        7
 Ignition                 Fire           3%         3d4       100%        8
 Infestation              Necr           1%         N/A       100%        8


Dungeon Overview and Level Annotations

Branches:
Dungeon (13/15)            Temple (1/1) D:6            Lair (5/5) D:9
 Shoals (0/4) Lair:3       Spider (0/4) Lair:3        Slime (0/5) Lair:5
    Orc (1/2) D:12
 Vaults: D:13-14

Altars:
Ashenzari
Cheibriados
Dithmenos
Elyvilon
Fedhas
Gozag
Hepliaklqana
Kikubaaqudgha
Makhleb
Nemelex Xobeh
Okawaru
Qazlal
Ru
Sif Muna
Trog
Uskayaw
Vehumet
Wu Jian
Xom
Yredelemnul
Zin
The Shining One
Jiyva

Shops:
D:1 ::[(*   D:4 :(::   D:5 [*   D:8 :*:

Portals:
Trove: D:12 (show slimy rune of Zot)

Annotations:
D:1 1 transporter
D:3 3 runed translucent doors, Kiciri's ghost, amateur DrCj
Lair:3 exclusion: downstairs


Innate Abilities, Weirdness & Mutations

You are an enormous anaconda.
You have a powerful constriction melee attack.
Your maximum health is increased.
((You have sharp claws.))
((You have razor-sharp teeth.))
You have supernaturally acute eyesight. (SInv)
((You cover ground quickly. (Speed+)))
((Your thick and shaggy fur keeps you warm. (AC +3, rC+)))
((Your paws help you pounce on unaware monsters.))
You are incapable of wielding weapons or throwing items.
You cannot wear armour.
You gain extra lives every three experience levels.


Message History

The wolf attacks as you move away! You block the wolf's attack.
The warg misses you. The wolf bites you.
* * * LOW HITPOINT WARNING * * *
Damage: -5%(-4hp) hp: 24%(17hp)
Aiming: Wall Jump
Press: ? - help, Dir - move target You repeatedly attack the polar bear from above.
You hit the polar bear.
The polar bear is lightly wounded.
You hit the polar bear but do no damage.
The polar bear is lightly wounded.
You body-slam the polar bear!!
The polar bear is heavily wounded.
You repeatedly attack the wolf from above.
You lash the wolf!
The wolf is heavily wounded.
You closely miss the wolf.
The wolf is heavily wounded.
You body-slam the wolf!!
You kill the wolf!
The Council accepts your kill.
You repeatedly attack the warg from above.
You lash the warg! You grab the warg.
The warg is moderately wounded.
You hit the warg.
The warg is moderately wounded.
You repeatedly attack the wolf from above.
You body-slam the wolf!!
You kill the wolf!
The Council accepts your kill.
You constrict the warg.
Your guardian golem disappears in a puff of smoke!
The warg bites you.
* * * LOW HITPOINT WARNING * * *
The polar bear bites you!
* * * LOW HITPOINT WARNING * * *
The polar bear claws you but does no damage.
The polar bear claws you.
You die...

........[#†#....###...
..#.....÷†÷#†.......##
##.#...#÷.÷÷#....##..#
#######.÷####).##..#
#..# ##†...## .....
#......## ....###
###§...?# .....##
##h°°...# .#.##
#.○S°..#.# ## ##h○○..#
# ##.#.#.# ##.#.##
#...# ....# ....#
.....


You could see a polar bear and a warg.

Vanquished Creatures
  Rupert (Lair:5)
  Snorg (Lair:3)
  A fire dragon (Lair:5)
  Fannar (D:10)
  2 hydras
  Erolcha (D:12)
  2 two-headed ogres (D:12)
  A death yak (Lair:5)
  A boulder beetle (Lair:5)
  2 skysharks
  Lodul (D:9)
  A swamp dragon (Lair:5)
  A deep elf pyromancer (D:9)
  A lindwurm (Lair:5)
  2 cyclopes
  10 elephants
  2 manticores
  5 black mambas
  An unseen horror (D:12)
  9 cane toads
  10 komodo dragons
  The ghost of Conn the Sneak, a novice OpFE (D:4)
  3 rime drakes
  4 trolls
  10 polar bears
  2 hornets
  13 blink frogs
  Prince Ribbit (D:5)
  6 dream sheep (Lair:4)
  2 raiju (Lair:5)
  3 shadows
  Eustachio (D:4)
  A wraith (D:12)
  36 yaks
  4 wyverns
  A redback (Lair:3)
  7 basilisks
  A basilisk (shapeshifter) (D:12)
  4 steam dragons
  5 wargs (Lair:5)
  Menkaure (D:4)
  3 acid dragons
  Edmund (D:6)
  24 water moccasins
  5 hell hounds (Lair:5)
  Duvessa (D:4)
  5 orc warriors
  2 sky beasts
  An ice beast (D:6)
  18 black bears
  7 ogres
  2 centaurs
  3 phantoms
  14 wolves
  2 kobold brigands
  13 bullfrogs
  5 scorpions
  7 wights
  3 troll zombies (D:12)
  Dowan (D:4)
  8 killer bees
  An electric eel (Lair:1)
  2 howler monkeys
  A hound (D:5)
  3 jellies
  2 orc priests
  Crazy Yiuf (D:4)
  A gnoll bouda (D:7)
  2 sleepcaps
  Terence (D:3)
  5 iguanas
  Natasha (thrice) (D:2)
  7 orc wizards
  2 ogre zombies (D:12)
  19 gnolls
  7 adders
  3 white imps (D:7)
  2 ufetubi (D:5)
  5 worms
  3 dart slugs
  16 orcs
  5 endoplasms
  4 giant cockroaches
  14 goblins
  3 hobgoblins
  12 jackals
  23 kobolds
  4 quokkas
  11 ball pythons
  10 bats
  A frilled lizard (D:1)
  2 goblin skeletons (D:12)
  5 goblin zombies (D:12)
  4 hobgoblin zombies (D:12)
  An orc skeleton (D:12)
  4 orc zombies (D:12)
  13 rats
489 creatures vanquished.

Vanquished Creatures (others)
  4 death yaks (Lair:5)
  2 elephants
  A gargoyle (D:12)
  A torpor snail (Lair:3)
  A polar bear (Lair:5)
  A shadow (D:12)
  15 yaks
  A basilisk (Lair:3)
  Grum (D:10)
  An orc warrior (D:10)
  3 wolves (D:10)
  4 kobold brigands
  2 gnoll sergeants
  2 bullfrogs (D:8)
  7 wights
  An orc wizard (D:10)
  An ogre zombie (D:12)
  2 gnolls
  An orc (D:10)
  5 kobolds (D:8)
  3 orc zombies (D:12)
59 creatures vanquished.

Grand Total: 548 creatures vanquished

Notes
Turn   | Place    | Note
-------+----------+-------------------------------------------
     0 | D:1      | Lexodia the Felid Shapeshifter began the quest for the Orb.
     0 | D:1      | Reached XP level 1. HP: 9/9 MP: 2/2
   118 | D:1      | Reached XP level 2. HP: 12/12 MP: 3/3
   197 | D:1      | Huge Dmg: 3 dmg
   236 | D:1      | Huge Dmg: 5 dmg
   300 | D:1      | Reached XP level 3. HP: 15/15 MP: 4/4
   470 | D:1      | Found Pacapyuf's Book Boutique.
   472 | D:1      | Found Kajod's Book Boutique.
   561 | D:1      | Found Faileff's Weapon Shop.
   585 | D:1      | Huge Dmg: 5 dmg
   651 | D:1      | Found Efotodop's Armour Emporium.
   759 | D:1      | Found Itoubluf's General Store.
   773 | D:1      | Bought a scroll of fog for 44 gold pieces
   842 | D:1      | Reached skill level 1 in Stealth
  1146 | D:2      | Reached XP level 4. HP: 16/19 MP: 5/5
  1173 | D:2      | Huge Dmg: 9 dmg
  1196 | D:2      | Huge Dmg: 8 dmg
  1482 | D:2      | Noticed Natasha
  1491 | D:2      | Huge Dmg: 5 dmg
  1493 | D:2      | Huge Dmg: 10 dmg
  1495 | D:2      | Killed Natasha
  1571 | D:2      | Noticed Natasha
  1577 | D:2      | Huge Dmg: 8 dmg
  1580 | D:2      | Slain by a kobold
  1581 | D:2      | Reached XP level 3. HP: 0/15 MP: 4/4
  1625 | D:2      | Reached XP level 4. HP: 18/19 MP: 5/5
  1639 | D:2      | Reached skill level 5 in Unarmed Combat
  2271 | D:3      | Noticed Terence
  2274 | D:3      | Killed Terence
  2512 | D:3      | Reached XP level 5. HP: 22/22 MP: 6/6
  2552 | D:3      | Found a burning altar of Makhleb.
  2808 | D:3      | Found a runed translucent gate.
  2808 | D:3      | Found a runed translucent gate.
  2808 | D:3      | Found a runed translucent gate.
  2809 | D:3      | Noticed Kiciri's ghost (amateur DrCj)
  3006 | D:4      | Noticed Duvessa
  3006 | D:4      | Found Weczoffo's Book Emporium.
  3014 | D:4      | Noticed Dowan
  3218 | D:2      | Killed Natasha
  3313 | D:2      | Noticed Natasha
  3320 | D:2      | Killed Natasha
  3485 | D:4      | Noticed Menkaure
  3489 | D:4      | Huge Dmg: 10 dmg
  3489 | D:4      | Killed Menkaure
  3490 | D:4      | Gained mutation: You are covered in thick fur. (AC +2)
                  | [Felid growth]
  3490 | D:4      | Reached XP level 6. HP: 13/25 MP: 7/7
  3584 | D:4      | Found a shimmering altar of Xom.
  3620 | D:4      | Huge Dmg: 6 dmg
  3621 | D:4      | Huge Dmg: 3 dmg
  3629 | D:4      | Huge Dmg: 7 dmg
  3745 | D:4      | Found Qiasueh's Book Boutique.
  3758 | D:4      | Noticed Conn's ghost (novice OpFE)
  3759 | D:4      | Found a runed translucent door.
  3796 | D:4      | Found a white marble altar of Elyvilon.
  3843 | D:4      | Huge Dmg: 5 dmg
  3846 | D:4      | Reached XP level 7. HP: 19/28 MP: 8/8
  3954 | D:4      | Found Pemuown's Book Boutique.
  3971 | D:4      | Killed Dowan
  3972 | D:4      | Huge Dmg: 11 dmg
  3975 | D:4      | Killed Duvessa
  4038 | D:4      | Found Josmim's Antique Weapon Boutique.
  4106 | D:4      | Found a runed translucent door.
  4107 | D:4      | Noticed Crazy Yiuf
  4131 | D:4      | Found a glowing golden altar of the Shining One.
  4136 | D:4      | Noticed Eustachio
  4150 | D:4      | Huge Dmg: 6 dmg
  4152 | D:4      | Huge Dmg: 5 dmg
  4154 | D:4      | Killed Eustachio
  4321 | D:4      | Found a hazy altar of Hepliaklqana.
  4457 | D:5      | Entered Level 5 of the Dungeon
  4474 | D:5      | Reached XP level 8. HP: 31/32 MP: 9/9
  4563 | D:5      | You fall into a shaft and drop 1 floor!
  4582 | D:6      | Found a staircase to the Ecumenical Temple.
  4587 | D:6      | Huge Dmg: 7 dmg
  4590 | D:6      | Noticed Edmund
  4597 | D:6      | Huge Dmg: 8 dmg
  4602 | D:6      | Huge Dmg: 11 dmg
  4603 | D:6      | Killed from afar by Edmund
  4604 | D:6      | Reached XP level 7. HP: -3/28 MP: 8/8
  4612 | D:6      | Huge Dmg: 13 dmg
  4616 | D:6      | Killed Edmund
  4617 | D:6      | Reached skill level 10 in Unarmed Combat
  4622 | D:6      | Huge Dmg: 8 dmg
  4680 | D:6      | Huge Dmg: 10 dmg
  4681 | D:6      | Huge Dmg: 11 dmg
  4705 | D:7      | Huge Dmg: 9 dmg
  4900 | D:6      | Huge Dmg: 10 dmg
  4901 | D:6      | Reached XP level 8. HP: 21/32 MP: 9/9
  4930 | Temple   | Entered the Ecumenical Temple
  4943 | Temple   | Became a worshipper of the Wu Jian Council
  5039 | D:6      | Found a shimmering blue altar of Sif Muna.
  5045 | D:7      | Found a bloodstained altar of Trog.
  5099 | D:5      | Noticed Prince Ribbit
  5102 | D:5      | Killed Prince Ribbit
  5148 | D:5      | Reached skill level 1 in Spellcasting
  5201 | D:5      | Huge Dmg: 12 dmg
  5363 | D:1      | Bought a book of Dreams for 160 gold pieces
  5366 | D:1      | Learned a level 2 spell: Ensorcelled Hibernation
  5370 | D:1      | Learned a level 3 spell: Confusing Touch
  5552 | D:4      | Reached skill level 9 in Hexes
  5552 | D:4      | Reached skill level 5 in Ice Magic
  5552 | D:4      | Reached XP level 9. HP: 35/35 MP: 11/11
  5563 | D:4      | Killed Conn's ghost
  5635 | D:4      | Huge Dmg: 24 dmg
  5636 | D:4      | Killed Crazy Yiuf
  5842 | D:5      | Found Ureuplot's Armour Shoppe.
  5851 | D:5      | Found Jamnoar's General Store.
  5975 | D:5      | Bought 2 potions of might for 120 gold pieces
  6446 | D:5      | Huge Dmg: 29 dmg
  6454 | D:5      | Huge Dmg: 7 dmg
  6589 | D:5      | Huge Dmg: 7 dmg
  6818 | D:6      | Found a sacrificial altar of Ru.
  6904 | D:6      | Found an opulent altar of Gozag.
  7045 | D:6      | Reached * piety under Wu Jian
  7248 | D:7      | Reached XP level 10. HP: 33/40 MP: 14/14
  7292 | D:7      | Found an ancient bone altar of Kikubaaqudgha.
  7333 | D:7      | Huge Dmg: 9 dmg
  7391 | D:7      | Reached skill level 1 in Summonings
  7621 | D:7      | Found an iron altar of Okawaru.
  7626 | D:7      | Learned a level 3 spell: Summon Guardian Golem
  7630 | D:7      | Learned a level 3 spell: Dazzling Flash
  8138 | D:8      | Reached skill level 5 in Stealth
  8312 | D:8      | Found Puix's Book Emporium.
  8352 | D:8      | Huge Dmg: 13 dmg
  8353 | D:8      | Huge Dmg: 10 dmg
  8654 | D:8      | Found Dapicirch's General Store.
  8663 | D:8      | Found Cefi Ycu's Book Shop.
  8665 | D:8      | Bought a potion of might for 52 gold pieces
  8665 | D:8      | Bought a potion of brilliance for 52 gold pieces
  8665 | D:8      | Bought a potion of curing for 39 gold pieces
  8700 | D:8      | Reached ** piety under Wu Jian
  8755 | D:8      | Huge Dmg: 11 dmg
  8762 | D:8      | Killed by an exploding themself... ignited by their inner
                  | flame
  8763 | D:8      | Reached XP level 9. HP: -6/37 MP: 12/13
  8811 | D:8      | Huge Dmg: 13 dmg
  8910 | D:8      | Reached skill level 1 in Conjurations
  9195 | D:8      | Huge Dmg: 10 dmg
  9342 | D:9      | Reached XP level 10. HP: 42/42 MP: 10/14
  9358 | D:9      | Reached skill level 5 in Dodging
  9427 | D:9      | Huge Dmg: 14 dmg
  9428 | D:9      | Huge Dmg: 7 dmg
  9448 | D:9      | Noticed a deep elf pyromancer
  9465 | D:9      | Reached skill level 10 in Hexes
  9478 | D:10     | Entered Level 10 of the Dungeon
  9581 | D:9      | Found a staircase to the Lair.
  9587 | D:10     | Noticed Lodul
  9587 | D:10     | Found the +12 glaive of Prune {freeze, Prune}
  9591 | D:9      | Huge Dmg: 19 dmg
  9597 | D:9      | Killed Lodul
  9716 | D:8      | Huge Dmg: 10 dmg
  9717 | D:8      | Huge Dmg: 8 dmg
  9718 | D:8      | Huge Dmg: 5 dmg
  9889 | D:9      | Killed a deep elf pyromancer
  9894 | D:9      | Learned a level 3 spell: Inner Flame
  9984 | D:9      | Reached *** piety under Wu Jian
 10371 | D:10     | Reached XP level 11. HP: 46/46 MP: 16/16
 10379 | D:10     | Huge Dmg: 11 dmg
 10380 | D:10     | Huge Dmg: 12 dmg
 10675 | D:10     | Noticed Fannar
 10698 | D:10     | Huge Dmg: 13 dmg
 10700 | D:10     | Huge Dmg: 10 dmg
 10708 | D:10     | Huge Dmg: 20 dmg
 10710 | D:10     | Killed Fannar
 10711 | D:10     | Reached skill level 1 in Fire Magic
 11134 | D:10     | Paralysed by a hornet for 2 turns
 11220 | D:10     | Huge Dmg: 18 dmg
 11344 | D:10     | Noticed Grum
 11365 | D:10     | Huge Dmg: 9 dmg
 11372 | D:10     | Killed Grum
 12019 | D:11     | Huge Dmg: 14 dmg
 12175 | D:11     | Huge Dmg: 10 dmg
 12605 | D:12     | Reached **** piety under Wu Jian
 12607 | D:12     | Found a staircase to the Orcish Mines.
 12639 | D:12     | Huge Dmg: 10 dmg
 12641 | D:12     | Reached skill level 5 in Fighting
 12785 | D:12     | Noticed a two-headed ogre
 12856 | D:12     | Killed a two-headed ogre
 12955 | D:12     | Noticed Erolcha
 12960 | D:12     | Killed Erolcha
 12960 | D:12     | Reached skill level 11 in Hexes
 12968 | D:12     | Huge Dmg: 10 dmg
 12970 | D:12     | Huge Dmg: 10 dmg
 12973 | D:12     | Huge Dmg: 8 dmg
 13090 | D:12     | Gained mutation: Your thick and shaggy fur keeps you warm.
                  | (AC +3, rC+) [Felid growth]
 13090 | D:12     | Reached XP level 12. HP: 51/51 MP: 16/19
 13350 | D:12     | Noticed a two-headed ogre
 13352 | D:12     | Killed a two-headed ogre
 13363 | D:12     | Found a portal to a secret trove of treasure.
 13465 | D:13     | Huge Dmg: 12 dmg
 13466 | D:13     | Reached ***** piety under Wu Jian
 13632 | D:13     | Noticed a centaur warrior
 13674 | Orc:1    | Entered Level 1 of the Orcish Mines
 13864 | Lair:1   | Entered Level 1 of the Lair of Beasts
 14145 | Lair:1   | Reached skill level 10 in Shapeshifting
 14248 | Lair:1   | Huge Dmg: 16 dmg
 14415 | Lair:1   | Huge Dmg: 17 dmg
 15005 | Lair:1   | Identified the +0 sling "Zifrativ" {freeze, Contam Will++
                  | Str+4 Int-3}
 15179 | Lair:2   | Reached skill level 12 in Hexes
 15267 | Lair:2   | Reached skill level 1 in Evocations
 15313 | Lair:2   | Huge Dmg: 18 dmg
 15315 | Lair:2   | Huge Dmg: 9 dmg
 15450 | Lair:2   | Huge Dmg: 18 dmg
 15600 | Lair:2   | Huge Dmg: 12 dmg
 16135 | Lair:3   | Found a staircase to the Shoals.
 16143 | Lair:3   | Huge Dmg: 11 dmg
 16176 | Lair:3   | Huge Dmg: 11 dmg
 16182 | Lair:3   | Huge Dmg: 11 dmg
 16429 | Lair:3   | Huge Dmg: 11 dmg
 16445 | Lair:3   | Huge Dmg: 9 dmg
 16461 | Lair:3   | Huge Dmg: 10 dmg
 16568 | Lair:3   | Huge Dmg: 11 dmg
 16569 | Lair:3   | Huge Dmg: 13 dmg
 16576 | Lair:3   | Huge Dmg: 16 dmg
 16743 | Lair:3   | Huge Dmg: 15 dmg
 16765 | Lair:3   | Reached XP level 13. HP: 31/57 MP: 10/20
 16910 | Lair:3   | Found a hole to the Spider Nest.
 16922 | Lair:3   | Huge Dmg: 14 dmg
 17301 | Lair:3   | Noticed Snorg
 17302 | Lair:3   | Killed Snorg
 17701 | Lair:4   | Huge Dmg: 15 dmg
 17835 | Lair:3   | Reached skill level 10 in Stealth
 17921 | Lair:4   | Huge Dmg: 14 dmg
 17929 | Lair:4   | Huge Dmg: 16 dmg
 18080 | Lair:4   | Identified the amulet "Maxahiet" {Faith Dex+3}
 18096 | Lair:4   | Huge Dmg: 12 dmg
 18200 | Lair:4   | Reached skill level 5 in Evocations
 18689 | Lair:5   | Entered Level 5 of the Lair of Beasts
 18696 | Lair:5   | Reached skill level 13 in Hexes
 18841 | Lair:5   | Huge Dmg: 14 dmg
 18849 | Lair:5   | Huge Dmg: 10 dmg
 18850 | Lair:5   | Huge Dmg: 24 dmg
 19096 | Lair:5   | Huge Dmg: 16 dmg
 19152 | Lair:4   | Huge Dmg: 13 dmg
 19211 | Lair:4   | Huge Dmg: 27 dmg
 19683 | Lair:5   | Identified a scroll of acquirement
 19688 | Lair:5   | Acquired the amulet "Huiw Qia" {Reflect Rampage +Inv Will++
                  | Str+3 SH+5 Stlth-}
 19814 | Lair:5   | Found a staircase to the Slime Pits.
 19815 | Lair:5   | Found a viscous altar of Jiyva.
 19931 | Lair:5   | Noticed Rupert
 19936 | Lair:5   | Huge Dmg: 30 dmg
 19950 | Lair:5   | Killed Rupert
 19951 | Lair:5   | Reached skill level 10 in Fighting
 19951 | Lair:5   | Reached XP level 14. HP: 38/64 MP: 18/21
 20155 | Lair:5   | Huge Dmg: 22 dmg
 20540 | Lair:5   | Huge Dmg: 13 dmg
 20621 | Lair:5   | Huge Dmg: 18 dmg
 20762 | Lair:5   | Huge Dmg: 18 dmg
 20798 | Lair:5   | Huge Dmg: 14 dmg
 20809 | Lair:5   | Huge Dmg: 6 dmg
 20810 | Lair:5   | Huge Dmg: 8 dmg
 21008 | Lair:5   | Huge Dmg: 17 dmg
 21011 | Lair:5   | Huge Dmg: 12 dmg
 21014 | Lair:5   | Huge Dmg: 22 dmg
 21226 | Lair:5   | Identified the +5 falchion of Kulixt {flame, Drain rF-
                  | rN+++ SInv}
 21374 | Lair:5   | Reached ****** piety under Wu Jian
 21558 | Lair:5   | Huge Dmg: 18 dmg
 21561 | Lair:5   | Huge Dmg: 13 dmg
 21564 | Lair:5   | Killed by an exploding themself... ignited by their inner
                  | flame
 21565 | Lair:5   | Reached XP level 13. HP: -15/73 MP: 18/20
 21604 | Lair:5   | Huge Dmg: 28 dmg
 21608 | Lair:5   | HP: 3/73 [polar bear (12)]
 21608 | Lair:5   | Slain by a polar bear

Illustrated notes

Levels and vault maps discovered:
D:1:      spicycebolla_arrival_risky_transporter, layout_loops_corners,
          serial_shops, nicolae_shop_tiny_glass, nicolae_shop_peninsula, shop,
          nicolae_shop_tiny_glass, nicolae_shop_crystal, minmay_splitting_lines,
          serial_park_tiny_pond, minmay_rat_gold_closets
D:2:      layout_loops_corners, nicolae_grassy_gnolls, uniq_natasha
D:3:      kennysheep_the_goblin_king, layout_loops_ring,
          mainiacjoe_overflow_boulevard, gammafunk_ghost_necromancy,
          uniq_terence
D:4:      layout_basic, mainiacjoe_overflow_alcove_2, old_standard_altar,
          mainiacjoe_overflow_paths, elyvilon_altar_4, serial_shops, shop,
          nicolae_shop_real_fake_doors, nicolae_shop_tiny_statue_garden, shop,
          hellmonk_ghost_happy_afterlife, kennysheep_another_room, uniq_duvessa,
          uniq_crazy_yiuf_cottage, uniq_menkaure, uniq_eustachio
D:5:      layout_basic, nicolae_wooded_promenade, kennysheep_generic_room_6,
          uniq_prince_ribbit1
D:6:      layout_rooms, mainiacjoe_overflow_concentric_impassable,
          nicolae_gozag_cash_rules_everything_around_me,
          nicolae_ru_path_of_blood, minmay_temple_entry_offerings,
          minmay_door_square, chequers_avenue, uniq_edmund
D:7:      layout_gridville, kennysheep_mini_moat,
          hellmonk_okawaru_the_only_friend_you_need, bloody_trog,
          kennysheep_generic_room_14
D:8:      layout_basic, serial_shops, shop, nicolae_shop_getting_attention,
          shop, kennysheep_opposing_triangles
D:9:      layout_cave_pools, due_lair_maze_entry_diamond
D:10:     layout_loops_ring, uniq_lodul, uniq_fannar, uniq_grum
D:11:     layout_gridville
D:12:     layout_small_grid, zombieorc1_lemuel, nicolae_trove_entry_columns,
          uniq_erolcha
D:13:     layout_big_octagon, hellmonk_ghost_big_iron
Temple:   nicolae_temple_bog_church
Lair:1:   layout_small_grid, chequers_serial_rivers_micro_c,
          gammafunk_lair_bear_cave
Lair:2:   layout_hall_layers, beast_lair_carwin_7
Lair:3:   layout_regular_city, shoals_dummy_entry, spider_nest_entry_a,
          uniq_snorg
Lair:4:   layout_hall_layers, grunt_megastairs_3
Lair:5:   guppyfry_lair_end_dragon, layout_regular_city,
          hangedman_lair_caniforms_friends, slime_entry_1, serial_bayou_shore_a,
          uniq_rupert
Orc:1:    layout_diamond_mine

Skill      XL: |  1  2  3  4  5  6  7  8  9 10 11 12 13 14 |
---------------+-------------------------------------------+-----
Unarmed Combat | 4 5 6 7 10 11 12 | 12.3
Dodging        | 3 6 7 9 |  9.0
Stealth        | 2 4 8 9 12 | 12.0
Shapeshifting  | 4 7 8 9 10 | 10.4
Spellcasting   | 1 2 3 4 |  4.0
Hexes          | 9 10 11 12 13 | 13.0
Ice Magic      | 5 6 |  6.0
Fighting       | 3 4 5 6 10 | 10.0
Summonings     | 3 4 |  4.0
Conjurations   | 1 2 |  2.0
Fire Magic     | 2 |  2.0
Evocations     | 3 5 8 |  8.7

Action                     |  1- 3 |  4- 6 |  7- 9 | 10-12 | 13-15 || total
---------------------------+-------+-------+-------+-------+-------++-------
  Melee: Unarmed           |    83 |   127 |   166 |   404 |   387 ||  1167
         Bite              |     5 |     7 |     9 |    29 |    31 ||    81
         Punch             |     1 |     2 |     8 |    17 |    22 ||    50
         Constrict         |       |       |       |    28 |    31 ||    59
   Cast: Ensorcelled Hiber |       |       |    24 |   109 |   110 ||   243
         Confusing Touch   |       |       |     2 |     7 |     5 ||    14
         Summon Guardian G |       |       |     1 |    44 |    15 ||    60
         Inner Flame       |       |       |       |     8 |     7 ||    15
         Dazzling Flash    |       |       |       |     2 |       ||     2
 Invoke: Serpent's Lash    |       |       |       |     7 |     8 ||    15
Ability: Lunge             |       |       |    28 |    72 |    22 ||   122
         Whirlwind         |       |       |     2 |    62 |    40 ||   104
         Wall Jump         |       |       |     1 |       |     6 ||     7
         Evoke Invisibilit |       |       |       |       |     1 ||     1
  Evoke: Wand              |       |     9 |    17 |     3 |     7 ||    36
    Use: Potion            |       |     2 |     5 |     3 |     2 ||    12
         Scroll            |       |       |     4 |     9 |     7 ||    20
   Stab: Sleeping          |    10 |    11 |    31 |    90 |    51 ||   193
         Distracted        |       |     1 |       |       |       ||     1
         Confused          |       |       |     1 |     6 |     5 ||    12
         Invisible         |       |       |       |     3 |     1 ||     4
 Armour: Skin              |     1 |     5 |     4 |    60 |    81 ||   151
  Dodge: Dodged            |    54 |    78 |    90 |   285 |   334 ||   841
  Block: Other             |       |       |       |       |    46 ||    46
         Reflection        |       |       |       |       |     1 ||     1
   Form: Anaconda          |       |       |       |     2 |     1 ||     3
         Beast             |       |       |       |     2 |       ||     2

Table legend: (Time is in decaauts)
 A = Elapsed time spent in this place.
 B = Non-inter-level travel time spent in this place.
 C = Inter-level travel time spent in this place.
 D = Time resting spent in this place.
 E = Time spent auto-exploring this place.
 F = Levels seen in this place.
 G = Mean time per level.
                   A        B        C        D        E       F      G
               +--------+--------+--------+--------+--------+-----+--------+
         Total |  19100 |  17591 |   1509 |   2941 |  10626 |  20 |  955.0 |
       Dungeon |  11841 |  10678 |   1163 |   1265 |   6898 |  13 |  910.8 |
        Temple |     22 |      3 |     19 |      0 |      0 |   1 |   22.0 |
          Lair |   7123 |   6812 |    311 |   1676 |   3670 |   5 | 1424.6 |
  Orcish Mines |    112 |     97 |     15 |      0 |     58 |   1 |  112.0 |
               +--------+--------+--------+--------+--------+-----+--------+

Top non-repeatable levels by time:
  Lair:5: 1952 daAuts
  Lair:4: 1509 daAuts
     D:8: 1331 daAuts
  Lair:2: 1304 daAuts
  Lair:1: 1281 daAuts
     D:2: 1204 daAuts
     D:4: 1124 daAuts
    D:10: 1120 daAuts
  Lair:3: 1076 daAuts
     D:5: 974 daAuts
     D:3: 946 daAuts
     D:1: 942 daAuts
    D:12: 921 daAuts
     D:9: 874 daAuts
     D:7: 843 daAuts
